[Event "Early-Titled-Tuesday-Blitz-April-16-2024"]
[Site "Chess.com"]
[Date "2024.04.16"]
[Round "10"]
[White "dosto07"]
[Black "Maftuna2303"]
[Result "1-0"]
[WhiteElo "2514"]
[BlackElo "2374"]
[TimeControl "180+1"]
[EndTime "10:00:11 PDT"]
[Termination "dosto07 won on time"]

1. e4 e5 2. Nf3 Nc6 3. Bb5 Nf6 4.
O-O Nxe4 5. Re1 Nd6 6. Nxe5 Nxe5 7. Rxe5+ Be7 8. Bf1 O-O 9. Nc3 Bf6 10. Re1 Re8 11. Nd5 Rxe1 12. Qxe1 Ne8 13. c3 c6 14. Nxf6+ Nxf6 15. d4 d5 16. Bg5 Bf5 17. Qe5 Be6 18.
Bd3 Nd7 19. Qg3 f6 20. Re1 Nf8 21. Bh6 Qd7 22. h4 Qf7 23. Bf4 Re8 24. Re3 Bd7 25. Bd6 Rxe3 26. Qxe3 Qe6 27. Qxe6+ Nxe6 28. g3 a6 29. Kf1 g6 30. Ke2 Kf7 31. Ke3 Ng7 32.
Kd2 Bf5 33. Be2 Bb1 34. a3 Ke6 35. Bc5 Ne8 36. g4 Nd6 37. f3 Nc8 38. a4 g5 39.
h5 f5 40. Kc1 Ba2 41. Bd3 Nd6 42. Bxd6 Kxd6 43. Bxf5 h6 44. a5 Bc4 45. Kd2 c5 46. dxc5+ Kxc5 47. b4+ Kd6 48. Ke3 Bb3 49. f4 gxf4+ 50. Kxf4 Ke7 51. Ke5 Bc4 52. Bc8 d4 53.
Kxd4 Be2 54. Kc5 Kd8 55. Bf5 Kc7 56. c4 Bd1 57. b5 axb5 58. cxb5 Be2 59. b6+ Kb8 60.
Kd6 1-0

[Event "Early-Titled-Tuesday-Blitz-April-16-2024"]
[Site "Chess.com"]
[Date "2024.04.16"]
[Round "10"]
[White "Heinza9"]
[Black "Likvidator228"]
[Result "0-1"]
[WhiteElo "2320"]
[BlackElo "2522"]
[TimeControl "180+1"]
[EndTime "10:00:12 PDT"]
[Termination "Likvidator228 won by resignation"]

1. e4 d5 2. exd5 Qxd5 3. c4 Qa5 4. Nc3 e5 5. d4 exd4 6. Qxd4 Nc6 7. Qe3+ Be6 8. Bd3 O-O-O 9. Ne2 Bc5 10. Qg3 Nb4 11. Bb1 Bxc4 12. O-O Nf6 13. a3 Nd3 14. Bxd3 Bxd3 15.
Be3 Bxe3 16. Qxe3 Rhe8 17. Qg3 g6 18. Rfe1 Qe5 19. Qh3+ Bf5 20. Qh4 h5 21. h3 Nd5 22.
Qa4 Nxc3 23. Nxc3 Qxe1+ 24. Rxe1 Rxe1+ 25. Kh2 a6 26. g4 hxg4 27. hxg4 Be6 28. Qf4 Rh8+ 29.
Kg2 Rhh1 30. f3 Rh8 31. Qd2 Reh1 32. Qd4 R1h2+ 33. Kg1 Rh1+ 34. Kf2 R8h2+ 35. Ke3 Re1+ 36. Kf4 Rxb2 37. Ne4 b6 38. Qh8+ Kb7 39. Qd4 Rb5 40. g5 Rf5+ 41. Kg3 Rf1 42. Nd2 Rxg5+ 43. Kf4 Rf5+ 44.
Ke3 Rd1 45. Ke2 Rh1 46. Qe4+ Bd5 47. Qd4 Rh2+ 48. Kd1 Bc6 49. Ne4 Rd5 50. Qxd5 Bxd5 51. Ng5 Rg2 0-1

[Event "Early-Titled-Tuesday-Blitz-April-16-2024"]
[Site "Chess.com"]
[Date "2024.04.16"]
[Round "10"]
[White "BogdanDeac"]
[Black "IM_ArthurDW08"]
[Result "1/2-1/2"]
[WhiteElo "3004"]
[BlackElo "2760"]
[TimeControl "180+1"]
[EndTime "10:00:13 PDT"]
[Termination "Game drawn - insufficient material"]

1. d4 e6 2. Nf3 Nf6 3. c4 c5 4. Nc3 a6 5. e3 cxd4 6. exd4 d5 7. cxd5 Nxd5 8. Bd3 Be7 9. O-O O-O 10. Qc2 Nf6 11.
Rd1 Nc6 12. a3 Bd7 13. Bg5 h6 14. Bxf6 Bxf6 15. d5 exd5 16. Nxd5 Be6 17. Be4 Bxd5 18. Bxd5 Qb6 19. Rab1 Rac8 20. Qa4 Ne5 21. b4 Nxf3+ 22. Bxf3 Rc3 23. Rd7 Rfc8 24. Rbd1 Rc2 25. R7d2 Rxd2 26. Rxd2 Rc1+ 27. Rd1 Rxd1+ 28. Bxd1 Qe6 29. g3 b5 30. Qc2 g6 31. Bf3 Kg7 32. Kg2 Qc4 33. Qxc4 bxc4 34. Kf1 Bb2 35. a4 Bc3 36. b5 axb5 37. axb5 Bd4 38.
Ke2 Kf6 39. Bd5 c3 40. Bb3 Ke7 41. f4 f5 42. h3 Kd6 43. Kd3 Bf6 44. Bf7 g5 45.
fxg5 hxg5 46. Bg6 f4 47. gxf4 gxf4 48. Be4 Kc5 49. Bc6 f3 50. Bxf3 Kxb5 51. h4 Bxh4 52. Kxc3 1/2-1/2

[Event "Early-Titled-Tuesday-Blitz-April-16-2024"]
[Site "Chess.com"]
[Date "2024.04.16"]
[Round "10"]
[White "JACK_BAU3R"]
[Black "Darius321"]
[Result "1-0"]
[WhiteElo "1989"]
[BlackElo "2298"]
[TimeControl "180+1"]
[EndTime "10:00:13 PDT"]
[Termination "JACK_BAU3R won on time"]

1. d4 d5 2. c3 Bf5 3. Qb3 b6 4. Bf4 e6 5. e3 Nf6 6. Nd2 Bd6 7. Bg3 O-O 8. Ngf3 c5 9. Nh4 Bg4 10. dxc5 bxc5 11. Qb7 Bxg3 12. hxg3 Nbd7 13. Qb3 c4 14. Qc2 Nc5 15. f3 Bh5 16. g4 Bg6 17. Nxg6 hxg6 18. g5 Nfd7 19. f4 e5 20. O-O-O e4 21. g4 Nd3+ 22. Bxd3 exd3 23. Qb1 Nc5 24. Nf3 Ne4 25.
Rh2 Ng3 26. Rh3 Ne2+ 27. Kd2 Re8 28. Rdh1 Kf8 29. Ne5 Rxe5 30. Rh8+ Ke7 31. Rxd8 Rxd8 32. fxe5 Ng3 33. Qg1 Ne4+ 34. Kc1 Rb8 35. Rh7 Nxg5 36.
Rxg7 Rh8 37. Qf1 d2+ 38. Kxd2 Ne4+ 39. Kc1 Rf8 40. Qf4 Ke6 41. g5 a5 42. Rh7 a4 43. a3 Nc5 44. Qf6+ Kd7 45. Rxf7+ Rxf7 46. Qxf7+ Kc6 47. Qxg6+ 1-0

[Event "Early-Titled-Tuesday-Blitz-April-16-2024"]
[Site "Chess.com"]
[Date "2024.04.16"]
[Round "10"]
[White "NikitaShnadrygin"]
[Black "FaustinoOro"]
[Result "0-1"]
[WhiteElo "2741"]
[BlackElo "2934"]
[TimeControl "180+1"]
[EndTime "10:00:14 PDT"]
[Termination "FaustinoOro won on time"]

1. e4 e5 2. Nf3 Nc6 3. Bb5 a6 4. Ba4 Nf6 5. O-O b5 6. Bb3 Bc5 7. a4 Rb8 8. axb5 axb5 9. Nxe5 Nxe5 10. d4 Bxd4 11. Qxd4 d6 12. f4 Nc6 13. Qe3 O-O 14. Nc3 Re8 15. Nd5 Bb7 16. Nxf6+ Qxf6 17. Bd2 Nd4 18. e5 Qg6 19. Rf2 Nxb3 20. cxb3 dxe5 21. fxe5 Bd5 22. b4 c6 23. Bc3 h6 24. Rd1 Re6 25.
h3 Rbe8 26. Qf4 R8e7 27. Kh2 Qh5 28. Re1 Rg6 29. Re3 Rg5 30. g4 Qh4 31. Rg3 Be6 32. Rd2 Rg6 33. Kg2 Bd5+ 34. Kh2 Ra7 35. e6 Re7 36. Qb8+ Kh7 37. exf7 Rxf7 38. Qe5 Re6 39. Qd4 Re4 40. Qd3 Qe7 41. Re2 Kh8 42. Rxe4 Bxe4 43.
Qe3 Qe6 44. Rg1 Rf3 45. Qd4 Qg6 46. Re1 Bd5 47. Re8+ Kh7 48. Re6 Bxe6 0-1

[Event "Early-Titled-Tuesday-Blitz-April-16-2024"]
[Site "Chess.com"]
[Date "2024.04.16"]
[Round "10"]
[White "RobertoJBM"]
[Black "YegoryoCh"]
[Result "0-1"]
[WhiteElo "2857"]
[BlackElo "2593"]
[TimeControl "180+1"]
[EndTime "10:00:15 PDT"]
[Termination "YegoryoCh won by resignation"]

1. e4 e5 2. Nf3 Nc6 3. Bb5 a6 4. Ba4 d6 5. c3 Bd7 6. O-O g5 7. d4 g4 8. Ne1 h5 9. f4 exd4 10. cxd4 d5 11. e5 Nh6 12. Nc3 Nf5 13. Ne2 b6 14.
Nc2 b5 15. Bb3 Na5 16. Bxd5 Bc6 17. Bxc6+ Nxc6 18. d5 Bc5+ 19. Kh1 h4 20. dxc6 Ng3+ 21. Nxg3 hxg3 22. Qxd8+ Rxd8 23. h3 Rd3 24. f5 gxh3 25. Be3 hxg2+ 26. Kxg2 Rh2+ 27. Kf3 Rxc2 28. Rae1 g2 29. Rg1 Rxb2 30. Ke4 Rxe3+ 31. Rxe3 Bxe3 32. Kxe3 Ke7 33. a3 a5 34. Kd4 b4 35. axb4 axb4 36. Kc4 Kf8 37. Kd3 Kg8 38. Kd4 Kh7 39. Ke4 Kh6 40. Kf4 Kg7 41. Ke4 b3 42. Kd3 Rf2 43. Re1 Rf1 44. f6+ Kg6 45. Re3 g1=Q 46. Re2 Rd1+ 47. Kc4 Qd4+ 48. Kb5 Qd3+ 49. Ka5 Qxe2 50. e6 Qxe6 51. Kb4 b2 0-1

[Event "Early-Titled-Tuesday-Blitz-April-16-2024"]
[Site "Chess.com"]
[Date "2024.04.16"]
[Round "10"]
[White "dropstoneDP"]
[Black "Flawless_Fighter"]
[Result "1-0"]
[WhiteElo "3060"]
[BlackElo "2760"]
[TimeControl "180+1"]
[EndTime "10:00:17 PDT"]
[Termination "dropstoneDP won by resignation"]

1. e4 e5 2. Nf3 Nc6 3. Bc4 Nf6 4. d3 Bc5 5. Be3 d6 6. Bxc5 dxc5 7. Bb5 O-O 8. Bxc6 bxc6 9. Nbd2 Re8 10. Nc4 Nd7 11.
O-O Ba6 12. Nfd2 Rb8 13. b3 Bxc4 14. Nxc4 Nb6 15. Ne3 Qd6 16. g3 Rbd8 17. Kg2 Nd7 18. Qf3 Nf8 19. Nc4 Qe7 20. Qh5 f6 21. f4 exf4 22.
gxf4 Ne6 23. Rf2 Qf7 24. Qxf7+ Kxf7 25. f5 Nd4 26. h4 Ra8 27. h5 a5 28. a4 h6 29. Rg1 Re7 30. Kf1 Kf8 31. Ke1 Rd8 32.
Rg4 Nxb3 33. cxb3 Rxd3 34. Nxa5 Re8 35. Rfg2 Re3+ 36. Kd2 R3xe4 37. Rxe4 Rxe4 38. Nc4 Rh4 39. a5 Rxh5 40. Kc3 Rh1 41. Kb2 Re1 42. Rd2 Re8 43.
Rd7 h5 44. Rxc7 h4 45. Rd7 Re2+ 46. Rd2 Re8 47. Rh2 Kf7 48. Rxh4 g5 49. fxg6+ Kxg6 50. Rg4+ Kf5 51. Nd6+ Kxg4 52. Nxe8 c4 53. a6 c3+ 54.
Kc2 f5 55. a7 1-0

[Event "Early-Titled-Tuesday-Blitz-April-16-2024"]
[Site "Chess.com"]
[Date "2024.04.16"]
[Round "10"]
[White "vasblesk"]
[Black "Zhigalko_Sergei"]
[Result "0-1"]
[WhiteElo "2820"]
[BlackElo "2933"]
[TimeControl "180+1"]
[EndTime "10:00:18 PDT"]
[Termination "Zhigalko_Sergei won by resignation"]

1. d4 Nf6 2. g3 d5 3. Bg2 Bf5 4. Nf3 e6 5. O-O c6 6. c4 Nbd7 7. Qb3 Qb6 8. c5 Qa6 9. Re1 b6 10. cxb6 axb6 11. Nc3 Be7 12. Nh4 Bg4 13. h3 Bh5 14. g4 Bg6 15. Nxg6 hxg6 16. e4 dxe4 17. Nxe4 Nd5 18. Nc3 b5 19. Bd2 N7b6 20. Nxd5 Nxd5 21.
Bxd5 cxd5 22. Bb4 Bxb4 23. Qxb4 Rxh3 24. Rac1 Qb6 25. a4 Qb8 26. Re5 bxa4 27. Qc5 Rb3 28. Qxd5 Kf8 29. Qe4 Rxb2 30. d5 Rb4 31. Rc8+ Qxc8 32.
Qxb4+ Kg8 33. dxe6 fxe6 34. Re3 a3 35. Re1 a2 36.
Qd4 Qd8 37. Qa1 Qf6 38. Kg2 Qxa1 39. Rxa1 Ra3 40. f4 Kf7 41. g5 e5 42. fxe5 Ke6 43. Kf2 Kxe5 44. Ke2 Kf5 45. Kd2 Kxg5 46. Kc2 Ra8 47.
Kb2 Kf5 48. Rf1+ Ke4 49. Re1+ Kf3 50. Ka1 g5 51. Re7 g4 52. Rxg7 g3 53. Rf7+ Kg2 54. Rg7 Kf2 55. Rf7+ Kg1 56. Rg7 g2 57. Rg6 Rf8 58.
Kxa2 Kf1 59. Kb3 g1=Q 60. Rxg1+ Kxg1 0-1

[Event "Early-Titled-Tuesday-Blitz-April-16-2024"]
[Site "Chess.com"]
[Date "2024.04.16"]
[Round "10"]
[White "Vse_po_kaify"]
[Black "ljuks68"]
[Result "1-0"]
[WhiteElo "2582"]
[BlackElo "2391"]
[TimeControl "180+1"]
[EndTime "10:00:20 PDT"]
[Termination "Vse_po_kaify won on time"]

1. e4 e6 2. d4 d5 3. Bd3 dxe4 4. Bxe4 Nf6 5. Bf3 Nbd7 6. Nc3 Bd6 7. Bg5 O-O 8. Qd2 Be7 9. O-O-O c6 10. h4 Nd5 11. Ne4 b5 12. Ne2 b4 13. Kb1 a5 14.
Nf4 a4 15. Nxd5 cxd5 16. Bxe7 Qxe7 17. Ng5 b3 18. Qd3 bxc2+ 19. Qxc2 Nf6 20. Rhe1 Ba6 21. Bxd5 Rfc8 22. Bc6 h6 23. Ne4 Bb7 24. d5 Nxd5 25. Bxb7 Rxc2 26. Bxa8 Rc8 27. Bxd5 exd5 28. Nc3 Qf6 29.
Nxd5 Qf5+ 30. Ka1 Kh7 31. Ne7 Qg4 32. Nxc8 Qxc8 33. g3 Qc2 34. Rf1 h5 35. a3 g6 36.
Rde1 Kg7 37. Re3 Qd2 38. Rc3 Qe2 39. Rcc1 Qd2 40. Ka2 Qe2 41. Rce1 Qd2 42. Re3 Qc2 43. Rc3 Qd2 44. Rfc1 Qxf2 45. R1c2 Qf5 46. Rd2 Qe5 47. Kb1 Qe4+ 48. Kc1 Qe1+ 49. Kc2 Qe4+ 50. Rcd3 f5 51. Kc3 f4 52. gxf4 Qxf4 53. Rd7+ Kf6 54. R2d6+ Kf5 55. Rf7+ Ke5 56. Rxf4 1-0

[Event "Early-Titled-Tuesday-Blitz-April-16-2024"]
[Site "Chess.com"]
[Date "2024.04.16"]
[Round "10"]
[White "albi1999"]
[Black "ural58"]
[Result "1-0"]
[WhiteElo "2659"]
[BlackElo "2490"]
[TimeControl "180+1"]
[EndTime "10:00:22 PDT"]
[Termination "albi1999 won on time"]

1. d4 d5 2. Nc3 Nf6 3. Bf4 c5 4.
e3 e6 5. g4 cxd4 6. exd4 Bb4 7. g5 Ne4 8. Ne2 Qb6 9. f3 Nxc3 10. bxc3 Bd6 11. h4 Bd7 12. Rb1 Qc7 13. Bxd6 Qxd6 14. Rxb7 O-O 15. Qb1 Nc6 16. Kf2 e5 17. dxe5 Nxe5 18.
Qb4 Qg6 19. Nd4 Bf5 20. Re7 Rae8 21. Rxe8 Rxe8 22. Bb5 Rb8 23. Qe7 Nxf3 24. Nxf3 Be4 25. Qe5 Qb6+ 26. Kg3 Qxb5 27. Nd4 Qe8 28. Qxe8+ Rxe8 29. Rb1 Rc8 30. Kf4 h6 31. Rb3 hxg5+ 32. hxg5 a5 33. Ra3 f6 34. gxf6 gxf6 35. Rxa5 Rxc3 36.
Ra7 Rc4 37. Ke3 Bxc2 38. Nxc2 Rxc2 39. Kd4 Rd2+ 40. Kc5 f5 41. a4 f4 42. a5 f3 43.
Ra6 Kg7 44. Ra7+ Kg6 45. Ra8 Kf5 46. Rf8+ Ke4 47. a6 Ra2 48. Kb6 d4 49. Re8+ Kd3 50. a7 1-0

[Event "Early-Titled-Tuesday-Blitz-April-16-2024"]
[Site "Chess.com"]
[Date "2024.04.16"]
[Round "10"]
[White "ploxoi"]
[Black "jodarmarlon1985"]
[Result "1-0"]
[WhiteElo "2402"]
[BlackElo "2286"]
[TimeControl "180+1"]
[EndTime "10:00:22 PDT"]
[Termination "ploxoi won on time"]

1. e4 e5 2. Nf3 Nc6 3. Bc4 Nf6 4.
d4 exd4 5. e5 Ng4 6. O-O Be7 7.
Re1 d6 8. e6 Bxe6 9. Bxe6 fxe6 10. Rxe6 O-O 11. Re4 Nf6 12. Re2 d5 13. Nxd4 Nxd4 14.
Qxd4 c5 15. Qd1 Bd6 16. Nd2 Ng4 17. h3 Ne5 18. Nf1 d4 19. c3 d3 20. Re4 b5 21.
Bf4 Ng6 22. Be3 c4 23. b3 Rc8 24. bxc4 bxc4 25. Nd2 Ne5 26. Bd4 Qf6 27. Qe1 Rfe8 28. f4 Qg6 29. fxe5 Be7 30. Bf2 Bg5 31. Nxc4 Rxc4 32.
Rxc4 d2 33. Qe2 Qc2 34. Rd1 h5 35. Rd4 Rxe5 36. Qc4+ Kh7 37. Qd3+ Qxd3 38. Rxd3 Re2 39. Kf1 Re4 40. h4 Bh6 41. g3 Ra4 42. Be3 Rxa2 43. Bxh6 Kxh6 44. R1xd2 Ra3 45. Rd6+ g6 46. Rc6 a5 47.
Rdd6 a4 48. Rxg6+ Kh7 49. Rg5 Rb3 50. Ra6 a3 51. Rga5 1-0

[Event "Early-Titled-Tuesday-Blitz-April-16-2024"]
[Site "Chess.com"]
[Date "2024.04.16"]
[Round "10"]
[White "Nimrod_Veinberg"]
[Black "2Coaches1Profile"]
[Result "1-0"]
[WhiteElo "2715"]
[BlackElo "2560"]
[TimeControl "180+1"]
[EndTime "10:00:23 PDT"]
[Termination "Nimrod_Veinberg won by resignation"]

1. e4 Nf6 2. e5 Nd5 3. c4 Nb6 4.
d4 d6 5. f4 g6 6. Nc3 Bg7 7. Be3 Be6 8. b3 O-O 9. Be2 dxe5 10.
fxe5 Bf5 11. Nf3 c5 12. d5 N6d7 13. Rc1 Nxe5 14. Nxe5 Bxe5 15. Bxc5 Na6 16. Bf2 e6 17. O-O exd5 18. Nxd5 Nc7 19. Bf3 Nxd5 20. Qxd5 Qc7 21.
Qxb7 Bxh2+ 22. Kh1 Qf4 23. Qe7 Rae8 24. Qh4 Bd3 25. Qxh2 Qd2 26. Rcd1 Qc2 27. Bd4 Bxf1 28. Rxf1 Qd2 29. Bc5 Re1 30. Rxe1 Qxe1+ 31. Bg1 Rd8 32. Bd5 Re8 33. Qf4 Re7 34. Kh2 h6 35. Bd4 g5 36.
Qg3 Qd1 37. Bf6 Qh5+ 38. Qh3 Qxh3+ 39. Kxh3 Re3+ 40. Kh2 Re2 41. a4 Rc2 42. Bd4 h5 43. c5 a6 44. c6 g4 45. Kg3 Rd2 46. Bc4 h4+ 47. Kxh4 Rxd4 48. c7 g3+ 49. Kxg3 Kg7 50.
c8=Q Rd6 51. Qc7 Rg6+ 52. Kf2 Rf6+ 53. Ke3 Rg6 54. Qe5+ 1-0

[Event "Early-Titled-Tuesday-Blitz-April-16-2024"]
[Site "Chess.com"]
[Date "2024.04.16"]
[Round "10"]
[White "HajiyevKanan"]
[Black "lrjchess"]
[Result "1-0"]
[WhiteElo "2622"]
[BlackElo "2477"]
[TimeControl "180+1"]
[EndTime "10:00:24 PDT"]
[Termination "HajiyevKanan won on time"]

1. d4 Nf6 2. Nf3 g6 3. c4 Bg7 4.
g3 O-O 5. Bg2 d6 6. O-O Bg4 7.
b3 Nbd7 8. h3 Bxf3 9. exf3 e5 10. Bb2 exd4 11. Bxd4 Ne8 12. Nc3 Bxd4 13. Qxd4 Qf6 14.
Qd2 Nb6 15. f4 Rb8 16. Rad1 h5 17. Ne4 Qg7 18. a4 Nd7 19. a5 h4 20. g4 Nef6 21.
Ng5 Nh7 22. Nf3 Qh6 23. Qd4 a6 24. g5 Qh5 25. Nd2 Nxg5 26. fxg5 Qxg5 27. f4 Qxa5 28. f5 Qc5 29. Ne4 Qxd4+ 30. Rxd4 Ne5 31. c5 dxc5 32. Rd5 f6 33. fxg6 Kg7 34. Rxc5 c6 35. Nxf6 Rxf6 36. Rxe5 Rxf1+ 37. Bxf1 Kxg6 38. Bd3+ Kf6 39. Rh5 Rd8 40. Be4 Rd4 41. Bf3 Rd3 42. Kf2 Rxb3 43. Rxh4 a5 44. Rh6+ Kg7 45. Rh5 a4 46. Ra5 a3 47.
Ra7 Kh6 48. Kg3 b5 49. Ra6 Rc3 50. Kf4 b4 51. Bxc6 Kg7 52. Ra7+ Kf6 53. Bf3 Rc4+ 54. Be4 Rc3 55. Ra6+ Ke7 56. h4 Rh3 57. Kg4 Rh2 58. Ra4 a2 59. Bd5 Rd2 60. Bxa2 Rd4+ 61. Kg5 Rd2 62. h5 Kd6 63. h6 Kc5 64. h7 Rg2+ 65. Kh6 Rh2+ 66. Kg7 Rg2+ 67. Kf6 Rf2+ 68. Ke5 Re2+ 69.
Kf4 Rh2 70. Bb1 b3 71. Kg3 1-0

[Event "Early-Titled-Tuesday-Blitz-April-16-2024"]
[Site "Chess.com"]
[Date "2024.04.16"]
[Round "10"]
[White "Ramil_Faizrakhmanov"]
[Black "AradNazari"]
[Result "1-0"]
[WhiteElo "2906"]
[BlackElo "2708"]
[TimeControl "180+1"]
[EndTime "10:00:25 PDT"]
[Termination "Ramil_Faizrakhmanov won by resignation"]

1. d4 Nf6 2. c4 g6 3. Nc3 d5 4. cxd5 Nxd5 5. e4 Nxc3 6. bxc3 Bg7 7. Nf3 O-O 8. Be2 c5 9. O-O Qa5 10. Bd2 Rd8 11. Qb3 Qc7 12. d5 e6 13. Bc4 exd5 14. Bxd5 Nc6 15. Ng5 Rf8 16. f4 h6 17. Nf3 Ne7 18.
Bc4 Rb8 19. a4 Nc6 20. Qc2 a6 21. Rab1 Na5 22. Bd5 b5 23. axb5 axb5 24. f5 Nc4 25. fxg6 Be6 26. gxf7+ Bxf7 27. Bxf7+ Rxf7 28. Rbe1 Rd8 29. Bc1 Ne5 30. Nh4 Nd3 31. Rd1 c4 32. Nf5 Re8 33.
Qe2 Qb6+ 34. Be3 Qg6 35. Bd4 Rxf5 36. exf5 Rxe2 37. fxg6 Bxd4+ 38. cxd4 b4 39. d5 b3 40. d6 Re6 41. d7 Rd6 42. Rf4 b2 43.
Rxc4 Rxd7 44. Rc3 Rd6 45. Rb3 Nc1 46. Rb8+ Kg7 47. Rxd6 Ne2+ 48. Kf2 1-0

[Event "Early-Titled-Tuesday-Blitz-April-16-2024"]
[Site "Chess.com"]
[Date "2024.04.16"]
[Round "10"]
[White "jumpingknight20"]
[Black "Sanyura"]
[Result "0-1"]
[WhiteElo "2728"]
[BlackElo "2613"]
[TimeControl "180+1"]
[EndTime "10:00:25 PDT"]
[Termination "Sanyura won on time"]

1. Nf3 Nf6 2. g3 g6 3. Bg2 Bg7 4. O-O O-O 5. c4 d6 6. Nc3 e5 7. d3 Nbd7 8. Rb1 a5 9. a3 Nh5 10. b4 axb4 11. axb4 f5 12. Bb2 h6 13. b5 Kh7 14. Nd2 f4 15. Nde4 Ndf6 16. Nxf6+ Qxf6 17. Nd5 Qf7 18. Qd2 Be6 19. b6 cxb6 20. Nxb6 Rad8 21. Bc3 Qf5 22. Nd5 Rd7 23. d4 e4 24. Nxf4 Nxf4 25.
Qxf4 Qxf4 26. gxf4 Bxc4 27. Rfe1 Rxf4 28. e3 Rg4 29. h3 Rh4 30. Kh2 d5 31. f3 exf3 32.
Bxf3 Bf8 33. Kg3 g5 34. Bg4 Rf7 35. Kg2 Bd3 36. Rbd1 Be4+ 37. Kg1 h5 38. Be6 Rf6 39.
Rf1 Rxe6 40. Rxf8 Rxh3 41. Rdf1 Rh1+ 42. Kf2 Rxf1+ 43. Kxf1 h4 44. Kg1 Kg6 45. Be1 Kh5 46.
Kh2 Kg4 47. Rf7 b5 48. Rf2 Rc6 49. Rb2 Rc1 50. Re2 Bf3 0-1

[Event "Early-Titled-Tuesday-Blitz-April-16-2024"]
[Site "Chess.com"]
[Date "2024.04.16"]
[Round "10"]
[White "osielchesslover2011"]
[Black "FREZZY23"]
[Result "1-0"]
[WhiteElo "2135"]
[BlackElo "2422"]
[TimeControl "180+1"]
[EndTime "10:00:26 PDT"]
[Termination "osielchesslover2011 won by checkmate"]

1. e4 c5 2. Nf3 d6 3. d4 cxd4 4. Nxd4 Nf6 5. Nc3 a6 6. Bg5 e6 7. f4 Be7 8. Qf3 Qc7 9. O-O-O Nbd7 10. Bd3 b5 11. Rhe1 Bb7 12. Nd5 exd5 13. Nf5 Kf8 14. exd5 Re8 15. Qg3 Rg8 16. Nxg7 Rxg7 17. Bh6 Nh5 18. Qh3 Kg8 19. Bxg7 Kxg7 20. Qxh5 Nf6 21. Qg5+ Kh8 22. Qh6 Rg8 23. Re3 Bc8 24. Rde1 Bd8 25.
Re8 Qd7 26. Rxg8+ Kxg8 27. g4 Be7 28. g5 Bf8 29. Qxf6 Bg7 30. Qe7 Qxe7 31. Rxe7 Bg4 32.
Re8+ Bf8 33. Bxh7+ Kg7 34. Be4 Bd7 35. Rd8 Bg4 36. f5 Be7 37. f6+ Bxf6 38. gxf6+ Kxf6 39. Rxd6+ Ke5 40. Rxa6 Kxe4 41. d6 Bd7 42. h4 f5 43.
Ra7 Be6 44. d7 Bxd7 45. Rxd7 f4 46. Rf7 f3 47. h5 Ke3 48. h6 f2 49. h7 Ke2 50.
h8=Q f1=Q+ 51. Rxf1 Kxf1 52. Qe5 Kf2 53. Qxb5 Kf3 54.
a4 Kf4 55. a5 Ke4 56. a6 Kd4 57. a7 Ke3 58. a8=Q Kf2 59. Qad5 Ke1 60. Qe8+ Kf2 61. Qdf7+ Kg3 62. Qeg8+ Kh4 63. Qfh7# 1-0

[Event "Early-Titled-Tuesday-Blitz-April-16-2024"]
[Site "Chess.com"]
[Date "2024.04.16"]
[Round "10"]
[White "AlexanderKing"]
[Black "NewYearGirl"]
[Result "1-0"]
[WhiteElo "2577"]
[BlackElo "2377"]
[TimeControl "180+1"]
[EndTime "10:00:29 PDT"]
[Termination "AlexanderKing won by resignation"]

1. c4 Nf6 2. g3 b5 3. cxb5 Bb7 4. Nf3 a6 5. bxa6 Nxa6 6. Bg2 e6 7. O-O Be7 8. Nc3 c5 9. d4 O-O 10. Bg5 Nb4 11. a3 cxd4 12. Nxd4 Bxg2 13. Kxg2 Nbd5 14.
Nxd5 Nxd5 15. Bxe7 Qxe7 16. e4 Nb6 17. Nf3 d5 18. exd5 Nxd5 19. Re1 Qb7 20. b4 Rfc8 21. Qd4 Rc3 22. Qe4 h6 23. a4 Qxb4 24. Qxb4 Nxb4 25. Re4 Nd3 26. Re3 Rd8 27. a5 Rc7 28. a6 Ra7 29.
Ra3 Nb4 30. Re4 Nd5 31. Ra5 Rda8 32. Rea4 Nc7 33. Ne5 Rxa6 34. Rxa6 Rxa6 35. Rc4 Ra7 36. Nc6 Ra2 37. Ne7+ Kh7 38. Rxc7 e5 39. Nf5 Kg6 40.
Nh4+ Kf6 41. Rc6+ Ke7 42. Nf5+ Kd7 43. Rd6+ Kc7 44. Rd5 e4 45. Re5 g6 46. Nxh6 f5 47.
h4 Re2 48. h5 gxh5 49. Nxf5 Kd7 50. Ne3 Kd6 51. Rxe4 Ra2 52. Rh4 Ke5 53. Rxh5+ Ke4 54. Rh4+ Kd3 55. Rh8 Ke2 56. Rf8 Ra5 57. Ng4 Ra4 58.
Re8+ Kd3 59. Nh2 Ra2 60. Re3+ Kd4 61. Nf3+ Kd5 62. g4 Ra4 63. Kg3 Ra8 64. Re5+ Kd6 65. Re1 1-0

[Event "Early-Titled-Tuesday-Blitz-April-16-2024"]
[Site "Chess.com"]
[Date "2024.04.16"]
[Round "10"]
[White "Tagir45"]
[Black "RojonR"]
[Result "1-0"]
[WhiteElo "2642"]
[BlackElo "2547"]
[TimeControl "180+1"]
[EndTime "10:00:30 PDT"]
[Termination "Tagir45 won by resignation"]

1. d4 Nf6 2. c4 e6 3. Nf3 Bb4+ 4. Bd2 Qe7 5. g3 Bxd2+ 6. Qxd2 Nc6 7. Nc3 d5 8. cxd5 exd5 9. Bg2 O-O 10. O-O Bg4 11. e3 Rfd8 12. Ne1 a6 13. Nd3 Na7 14. Na4 Nb5 15.
Nac5 c6 16. Ne5 Nd6 17. Nxg4 Nxg4 18. b4 Nf6 19. a4 g6 20. Rfb1 Kg7 21. Bf1 Nfe4 22.
Qc2 h5 23. b5 axb5 24. axb5 h4 25. bxc6 bxc6 26. Rxa8 Rxa8 27. Nxe4 Nxe4 28. Qxc6 Ra2 29.
Qxd5 Rxf2 30. Bc4 hxg3 31. hxg3 Rf3 32. Rb7 Rxg3+ 33. Kf1 Nd2+ 34. Ke2 Qxe3+ 35. Kd1 Rg1+ 36. Kc2 Nxc4 37. Qxf7+ Kh6 38. Qg7+ Kg5 39. Rb5+ Kf4 40. Qf6+ Kg3 41. Rg5+ Kh2 42. Qh8+ Qh3 43. Qxh3+ Kxh3 44. Rxg1 Ne3+ 45. Kd3 Ng4 46. d5 g5 47. d6 Ne5+ 48. Ke4 Nd7 49. Rxg5 Kh4 50. Rg7 Nf6+ 51. Kf5 Ne8 52. d7 Nxg7+ 53. Ke5 1-0

[Event "Early-Titled-Tuesday-Blitz-April-16-2024"]
[Site "Chess.com"]
[Date "2024.04.16"]
[Round "10"]
[White "azikom"]
[Black "kuba2006"]
[Result "0-1"]
[WhiteElo "2698"]
[BlackElo "2570"]
[TimeControl "180+1"]
[EndTime "10:00:31 PDT"]
[Termination "kuba2006 won by resignation"]

1. d4 Nf6 2. Bf4 e6 3. e3 c5 4. c3 Nc6 5. Nd2 b6 6. h3 Bb7 7. Ngf3 Be7 8. Bh2 O-O 9. Bd3 Rc8 10. O-O d6 11. a4 a6 12. Qe2 Ra8 13. dxc5 bxc5 14.
e4 Nd7 15. Rfd1 d5 16. exd5 exd5 17. Nf1 Re8 18. Qc2 Nf8 19. Ne3 d4 20. Nf5 Qd7 21.
Be4 Rac8 22. Rac1 Na5 23. Bxb7 Qxb7 24. Nxe7+ Rxe7 25. cxd4 Nb3 26. Rb1 cxd4 27. Qd3 Ne6 28.
Bg3 h6 29. Ne5 Qd5 30. Qf3 Qxf3 31. Nxf3 Rb7 32. Bd6 Rc6 33. Be5 Rc4 34. Rd3 Nec5 35. Rdd1 d3 36. Nd2 Rc2 37. Nxb3 Rxb3 38. Rbc1 Nxa4 39. Rxc2 dxc2 40. Rd8+ Kh7 41. Rc8 Nc3 42. Bf4 Ne2+ 43. Kh2 Nxf4 44. Rxc2 Nd3 45. f3 Nxb2 46. Rc7 a5 47. Ra7 a4 48. Rxf7 a3 49.
Ra7 Nc4 50. Ra4 Rc3 51. h4 Rc2 52. Kh3 a2 53. g4 Rb2 54. g5 Ne3 55. Ra6 hxg5 56. hxg5 Nc2 57. Kg4 a1=Q 58. g6+ Kh6 0-1

[Event "Early-Titled-Tuesday-Blitz-April-16-2024"]
[Site "Chess.com"]
[Date "2024.04.16"]
[Round "10"]
[White "Dinosaurio_1975"]
[Black "Veleamater"]
[Result "1-0"]
[WhiteElo "2592"]
[BlackElo "2427"]
[TimeControl "180+1"]
[EndTime "10:00:31 PDT"]
[Termination "Dinosaurio_1975 won by resignation"]

1. Nf3 d6 2. c4 g6 3. Nc3 Bg7 4. g3 Nf6 5. Bg2 O-O 6. O-O Nc6 7. d4 e5 8. e4 Bg4 9. d5 Ne7 10. h3 Bd7 11. Nh4 Ne8 12. b4 h6 13. c5 f5 14.
exf5 gxf5 15. Qc2 f4 16. Rd1 Nf5 17. Nxf5 Bxf5 18. Ne4 Nf6 19. cxd6 cxd6 20. Bb2 Rc8 21. Qd3 Nxe4 22. Bxe4 Bxh3 23. Rac1 Qg5 24. Rxc8 Bxc8 25.
Rc1 h5 26. Rc7 h4 27. Bc1 Bh3 28. Kh2 Bg4 29. gxf4 exf4 30. Bf3 Bf5 31. Qf1 Rf6 32. Qg2 Qxg2+ 33. Kxg2 h3+ 34. Kh2 Rf8 35. Rxb7 Rc8 36.
Bxf4 Rc2 37. Bg3 Be5 38. Kg1 Bxg3 39. fxg3 Rxa2 40. Rb8+ Kf7 41. Rd8 Ke7 42. Rh8 Kf6 43. g4 Ra1+ 44. Kh2 Ra2+ 45. Kg3 Bc2 46. Rxh3 Ra3 47.
Rh6+ Ke5 48. Re6+ Kd4 49. Rxd6 Be4 50. Rf6 Ke5 51. Rf8 Bxd5 52. Rf5+ Ke6 53. Rxd5 Rxf3+ 54. Kxf3 Kxd5 55. Kf4 Kc4 56. g5 Kxb4 57. g6 a5 58. g7 a4 59. g8=Q a3 60. Qa2 Kc3 61. Qxa3+ 1-0